 Dungeon Crawl Stone Soup version 0.16.1-28-gcc2312f (webtiles) character file.

660 namelastname112 the Skirmisher (level 7, -1/63 HPs)
             Began as a White Draconian Fighter on May 28, 2015.
             Slain by a phantom (10 damage)
             ... on level 4 of the Dungeon.
             The game lasted 00:06:42 (3419 turns).

namelastname112 the Skirmisher (DrFi)               Turns: 3419, Time: 00:06:43

Health: -1/63      AC:  8    Str: 19    XL:     7   Next: 30%
Magic:  7/7        EV: 14    Int:  8    God:
Gold:   162        SH:  0    Dex: 12    Spells: 0 memorised, 6 levels left

rFire  . . .     SeeInvis .     a - +0 trident
rCold  + . .     Clarity  .     (armour unavailable)
rNeg   + . .     SustAb   .     (no shield)
rPois  .         Gourm    .     (helmet restricted)
rElec  .         Spirit   .     (no cloak)
rCorr  .         Warding  .     b - +0 pair of gloves
rMut   .         Stasis   .     d - +0 pair of boots
MR     .....                    (no amulet)
Stlth  +.........               (no ring)
                                v - ring of positive energy

@: short of breath, not resistant to hostile enchantments, very unstealthy
A: breathe frost, unfitting armour, cold resistance 1, cold-blooded, AC +6
a: Breathe Frost


You were on level 4 of the Dungeon.
You were hungry.

You visited 1 branch of the dungeon, and saw 4 of its levels.

You collected 162 gold pieces.

Inventory:

Hand weapons
 a - a +0 trident (weapon)
Armour
 b - a +0 pair of gloves (worn)
 c - a +0 shield
 d - a +0 pair of boots (worn)
Jewellery
 v - a ring of positive energy (left hand)
Scrolls
 e - 2 scrolls of fog {unknown}
 g - 5 scrolls of identify {unknown}
 i - 2 scrolls of recharging {unknown}
 j - 4 scrolls of enchant weapon {unknown}
 k - 4 scrolls of remove curse {unknown}
 m - 2 scrolls of teleportation {unknown}
 o - a scroll of fear {unknown}
 p - a scroll of amnesia {unknown}
Potions
 f - a potion of invisibility {unknown}
 l - 2 potions of restore abilities {unknown}
 n - a potion of ambrosia {unknown}
 q - a potion of might
 r - a potion of haste {unknown}
 s - a potion of curing {unknown}
Comestibles
 h - 6 meat rations
 t - a beef jerky
 u - a chunk of flesh


   Skills:
 + Level 6.0 Fighting
 + Level 5.0 Polearms
 + Level 4.8 Dodging
 - Level 3.0 Shields


You had 6 spell levels left.
You didn't know any spells.

Dungeon Overview and Level Annotations

Branches:
Dungeon (4/15)
 Temple: D:4-7

Altars:


Innate Abilities, Weirdness & Mutations

You can breathe waves of freezing cold.
You can buffet flying creatures when you breathe cold.
Your icy white scales are hard (AC +6).
Your body does not fit into most forms of armour.
Your flesh is cold resistant.
Your cold-blooded metabolism reacts poorly to cold.


Message History

Attack whom?
Press: ? - help, Dir - move target cursor, f/p - phantom
Aim: a phantom (severely damaged)
You barely miss the phantom.
You tail-slap the phantom, but do no damage.
The phantom is severely damaged.
The phantom closely misses you.
You closely miss the phantom.
The phantom is severely damaged.
The phantom hits you.
* * * LOW HITPOINT WARNING * * *
You miss the phantom.
You tail-slap the phantom, but do no damage.
The phantom is severely damaged.
The phantom hits you.
* * * LOW HITPOINT WARNING * * *
You hit the phantom.
Your tail-slap misses the phantom.
The phantom is severely damaged.
The phantom hits you!
You die...

#####.# #..
#.....##############..
#.....##....)........#
#.†......#####...#####
###.....#### #...###
#.......# #.###
#.#.)..?# #..
#.#.....# #.
#.#...W@##....
#.###...?..##
#.....###### #.#####
#.# #.# ###


You could see a phantom.

Vanquished Creatures
  An ogre (D:4)
  Sigmund (D:2)
  2 scorpions (D:4)
  A goliath beetle (D:4)
  A giant frog zombie (D:3)
  3 hounds
  2 worker ants (D:4)
  6 gnolls
  7 adders
  A worm (D:2)
  5 giant geckos
  An ooze (D:3)
  An orc (D:4)
  6 bats
  7 giant cockroaches
  5 goblins
  9 hobgoblins
  13 jackals
  A ball python (D:3)
  3 giant newts
  3 kobolds
  8 rats
87 creatures vanquished.

Notes
Turn   | Place    | Note
--------------------------------------------------------------
     0 | D:1      | namelastname112, the Draconian Fighter, began the quest for the Orb.
     0 | D:1      | Reached XP level 1. HP: 19/19 MP: 1/1
   340 | D:1      | Reached XP level 2. HP: 24/26 MP: 2/2
   639 | D:2      | Noticed Sigmund
   940 | D:2      | Reached XP level 3. HP: 30/33 MP: 3/3
  1134 | D:2      | Reached skill level 4 in Fighting
  1166 | D:2      | Reached XP level 4. HP: 30/40 MP: 4/4
  1652 | D:2      | Killed Sigmund
  1652 | D:2      | Reached XP level 5. HP: 28/47 MP: 5/5
  1847 | D:3      | Reached skill level 5 in Fighting
  2148 | D:3      | Reached XP level 6. HP: 40/56 MP: 6/6
  3126 | D:4      | Your scales start taking on an icy white colour.
  3126 | D:4      | Gained mutation: Your flesh is cold resistant. [draconian maturity]
  3126 | D:4      | Reached XP level 7. HP: 62/62 MP: 7/7
  3216 | D:4      | Reached skill level 5 in Polearms
  3399 | D:4      | Reached skill level 6 in Fighting
  3419 | D:4      | Slain by a phantom

Action                   |  1- 3 |  4- 6 |  7- 9 || total
-------------------------+-------+-------+-------++-------
Melee: Trident           |    89 |   193 |    83 ||   365
 Abil: Breathe Frost     |       |       |     4 ||     4
  Use: Potion            |       |     2 |       ||     2
  Eat: Chunk             |     1 |     2 |     1 ||     4
       Bread ration      |       |     1 |       ||     1
